 Dungeon Crawl Stone Soup version 0.27-a0-1189-gb8eb6cee8e (console) character file.

Game seed: 433103609410527362

415927 Hector the Warrior (level 24, 0/206 HPs)
             Began as a Formicid Abyssal Knight on May 23, 2021.
             Was the Champion of Lugonu.
             Killed from afar by a tengu reaver (56 damage)
             ... with a bolt of acid
             ... led by Sojobo
             ... on level 4 of the Vaults on May 26, 2021.
             The game lasted 05:03:57 (60429 turns).

Hector the Warrior (Formicid Abyssal Knight)       Turns: 60429, Time: 05:03:58

Health: 0/206      AC: 15    Str: 28    XL:     24   Next: 75%
Magic:  33/33      EV: 11    Int: 13    God:    Lugonu [******]
Gold:   3755       SH: 17    Dex: 20    Spells: 23/23 levels left

rFire    + + +     SeeInvis +   a - +3 battleaxe (vamp)
rCold    + + .     Faith    .   i - +0 kite shield {AC+3}
rNeg     . . .     Spirit   .   d - +4 gold dragon scales
rPois    +         Reflect  .   (helmet unavailable)
rElec    +         Harm     .   e - scarf {repulsion}
rCorr    .         Rampage  +   g - +0 pair of gloves {Dex+3}
Will     +++++     Clarity  +   f - +2 pair of boots {rampage}
Stlth    ..........             G - amulet of Xomoni {*Slow rPois Regen+ Dex+5}
HPRegen  1.44/turn              B - ring of Igueras {*Slow rF++ rC+ Will++}
MPRegen  0.23/turn              M - ring of Zoets {Contam rElec rPois Will+ AC+4}

@: corroded, studying Maces & Flails, repel missiles
A: permanent stasis, dig shafts and tunnels, antennae 3, four strong arms, agile
1, clarity, fire resistance 1
}: 2/15 runes: serpentine, barnacled
a: Dig, Shaft Self, Renounce Religion, Depart the Abyss, Bend Space, Banish,
Corrupt, Enter the Abyss, Brand Weapon With Distortion


You were on level 4 of the Vaults.
You worshipped Lugonu.
Lugonu was exalted by your worship.
You visited 7 branches of the dungeon, and saw 38 of its levels.
You visited the Abyss 1 time.
You also visited: Gauntlet, Ice Cave, Volcano and Desolation.

You collected 5541 gold pieces.
You spent 1786 gold pieces at shops.

Inventory:

Hand Weapons
 a - a +3 vampiric battleaxe (weapon)
 b - a +2 battleaxe of freezing
 c - a +1 war axe of flaming
 q - the +7 spear "Murmur" {drain, Fly rCorr MP-9 Dex+9}
   (You took it off a spriggan on level 1 of the Lair of Beasts)

   A truly terrible weapon, it drains the life of those it strikes.
   It affects your dexterity (+9).
   It affects your magic capacity (-9).
   It grants you flight.
   It protects you from acid and corrosion.
 u - a +1 morningstar of holy wrath
 A - a +5 great mace of holy wrath
 W - a +1 battleaxe of electrocution
Missiles
 r - 6 throwing nets
 s - 13 boomerangs of dispersal
 t - 129 boomerangs (quivered)
 P - 2 atropa-tipped darts
Armour
 d - +4 gold dragon scales (worn)
 e - a scarf of repulsion (worn)
 f - a +2 pair of boots of rampaging (worn)
 g - a +0 pair of gloves of dexterity (worn)
 h - +4 storm dragon scales {Bai Suzhen}
 i - a +0 kite shield of protection (worn)
Jewellery
 B - the ring of Igueras (left hand) {*Slow rF++ rC+ Will++}
   (You found it in the Desolation of Salt)

   [ring of protection from cold]

   It greatly protects you from fire.
   It protects you from cold.
   It may slow you when you take damage.
   It greatly increases your willpower.
 E - the ring of the Tormentor {EV+4 Str+5}
   (You found it in the Desolation of Salt)

   [ring of evasion]

   It affects your evasion (+4).
   It affects your strength (+5).
 G - the amulet of Xomoni (around neck) {*Slow rPois Regen+ Dex+5}
   (You found it on level 12 of the Dungeon)

   [amulet of regeneration]

   It affects your dexterity (+5).
   It protects you from poison.
   It increases your rate of health regeneration.
   It may slow you when you take damage.
 K - the ring "Oronacve" {rElec rCorr Str+6 Dex+4}
   (You found it in the Desolation of Salt)

   [ring of strength]

   It affects your strength (+6).
   It affects your dexterity (+4).
   It insulates you from electricity.
   It protects you from acid and corrosion.
 L - the ring "Uvalimuo" {Fly rCorr Str-3 Dex+6 SInv}
   (You took it off a deep elf demonologist on level 3 of the Elven Halls)

   [ring of see invisible]

   It affects your strength (-3).
   It affects your dexterity (+6).
   It lets you see invisible.
   It grants you flight.
   It protects you from acid and corrosion.
 M - the ring of Zoets (right hand) {Contam rElec rPois Will+ AC+4}
   (You found it on level 12 of the Dungeon)

   [ring of protection]

   It affects your AC (+4).
   It insulates you from electricity.
   It protects you from poison.
   It causes magical contamination when unequipped.
   It increases your willpower.
 R - an amulet of reflection
Wands
 p - a wand of acid (32)
 z - a wand of mindburst (37)
 H - a wand of flame (103)
 I - a wand of digging (14)
 X - a wand of iceblast (31)
Scrolls
 k - a scroll of summoning
 m - 5 scrolls of magic mapping
 v - 24 scrolls of identify
 F - a scroll of amnesia
 J - 6 scrolls of fear
 Q - 4 scrolls of fog
 S - 4 scrolls of silence
Potions
 j - 4 potions of magic
 l - a potion of mutation
 n - 4 potions of heal wounds
 o - 20 potions of curing
 w - 3 potions of might
 x - 7 potions of resistance
 D - 5 potions of cancellation
 O - 2 potions of brilliance
Miscellaneous
 y - a condenser vane
 C - a lightning rod (4/4)
 N - a box of beasts


   Skills:
 + Level 20.9 Fighting
 + Level 20.7 Axes
 * Level 20.1 Armour
 * Level 7.2 Dodging
 + Level 19.5 Shields
 - Level 14.0 Invocations


You had 23 spell levels left.
You didn't know any spells.
Your spell library contained the following spells:

 Spells                   Type           Power      Damage    Failure   Level
 Animate Skeleton         Necr           0%         N/A       98%         1
 Apportation              Tloc           0%         N/A       98%         1
 Beastly Appendage        Tmut           0%         N/A       98%         1
 Corona                   Hex            0%         N/A       98%         1
 Foxfire                  Conj/Fire      0%         2x1d4     98%         1
 Freeze                   Ice            0%         1d3       98%         1
 Magic Dart               Conj           0%         1d3       98%         1
 Pain                     Necr           0%         1d4       98%         1
 Sandblast                Erth           0%         2d4       98%         1
 Shock                    Conj/Air       0%         1d3       98%         1
 Sting                    Tmut/Pois      0%         1d3       98%         1
 Summon Small Mammal      Summ           0%         N/A       98%         1
 Call Imp                 Summ           0%         N/A       99%         2
 Corpse Rot               Necr/Air       N/A        N/A       99%         2
 Passwall                 Tmut/Erth      0%         N/A       99%         2
 Poisonous Vapours        Pois/Air       0%         N/A       99%         2
 Searing Ray              Conj           0%         3d3       99%         2
 Slow                     Hex            0%         N/A       99%         2
 Static Discharge         Conj/Air       0%         N/A       99%         2
 Sublimation of Blood     Necr           0%         N/A       99%         2
 Wereblood                Tmut           0%         N/A       99%         2
 Conjure Flame            Conj/Fire      0%         6-21      100%        3
 Dazzling Flash           Conj/Hex       0%         N/A       100%        3
 Frozen Ramparts          Ice            0%         1d2       100%        3
 Gell's Gravitas          Tloc           0%         N/A       100%        3
 Ignite Poison            Fire/Tmut/Pois 0%         N/A       100%        3
 Lesser Beckoning         Tloc           0%         N/A       100%        3
 Mephitic Cloud           Conj/Pois/Air  0%         N/A       100%        3
 Ozocubu's Armour         Ice            0%         N/A       100%        3
 Portal Projectile        Hex/Tloc       0%         N/A       100%        3
 Spider Form              Tmut/Pois      0%         N/A       100%        3
 Stone Arrow              Conj/Erth      0%         3d7       100%        3
 Teleport Other           Tloc           0%         N/A       100%        3
 Vampiric Draining        Necr           0%         2d6       100%        3
 Airstrike                Air            0%         N/A       100%        4
 Animate Armour           Summ/Erth      0%         N/A       100%        4
 Animate Dead             Necr           0%         N/A       100%        4
 Cause Fear               Hex            0%         N/A       100%        4
 Dispel Undead            Necr           0%         3d6       100%        4
 Fulminant Prism          Conj/Hex       0%         3d6       100%        4
 Hailstorm                Conj/Ice       0%         3d3       100%        4
 Ice Form                 Ice/Tmut       0%         N/A       100%        4
 Iskenderun's Mystic Bla  Conj/Tloc      0%         2d3       100%        4
 Leda's Liquefaction      Hex/Erth       0%         N/A       100%        4
 Olgreb's Toxic Radiance  Pois           0%         N/A       100%        4
 Petrify                  Tmut/Erth      0%         N/A       100%        4
 Sticky Flame             Conj/Fire      0%         2d3       100%        4
 Summon Lightning Spire   Summ/Air       0%         N/A       100%        4
 Agony                    Necr           0%         N/A       100%        5
 Alistair's Intoxication  Tmut/Pois      0%         N/A       100%        5
 Bolt of Magma            Conj/Fire/Erth 0%         4d4       100%        5
 Borgnjor's Vile Clutch   Necr/Erth      0%         N/A       100%        5
 Excruciating Wounds      Necr           0%         N/A       100%        5
 Hydra Form               Tmut           0%         N/A       100%        5
 Irradiate                Conj/Tmut      0%         3d14      100%        5
 Lee's Rapid Deconstruct  Erth           0%         3d5*      100%        5
 Lightning Bolt           Conj/Air       0%         1d11      100%        5
 Manifold Assault         Tloc           0%         N/A       100%        5
 Metabolic Englaciation   Hex/Ice        0%         N/A       100%        5
 Silence                  Hex/Air        0%         N/A       100%        5
 Summon Forest            Summ/Tloc      0%         N/A       100%        5
 Summon Mana Viper        Hex/Summ       0%         N/A       100%        5
 Yara's Violent Unravell  Hex/Tmut       0%         3d3       100%        5
 Blade Hands              Tmut           0%         N/A       100%        6
 Death Channel            Necr           0%         N/A       100%        6
 Dispersal                Tloc           0%         N/A       100%        6
 Eringya's Noxious Bog    Tmut/Pois      0%         N/A       100%        6
 Freezing Cloud           Conj/Ice/Air   0%         6-21      100%        6
 Iron Shot                Conj/Erth      0%         9d1       100%        6
 Shadow Creatures         Summ           N/A        N/A       100%        6
 Simulacrum               Ice/Necr       0%         N/A       100%        6
 Statue Form              Tmut/Erth      0%         N/A       100%        6
 Dragon Form              Tmut           0%         N/A       100%        7
 Malign Gateway           Summ/Tloc      0%         N/A       100%        7
 Spellforged Servitor     Conj/Summ      0%         N/A       100%        7
 Summon Hydra             Summ           0%         N/A       100%        7
 Borgnjor's Revivificati  Necr           0%         N/A       100%        8
 Discord                  Hex            0%         N/A       100%        8
 Disjunction              Tloc           0%         N/A       100%        8
 Ignition                 Fire           0%         3d3       100%        8
 Infestation              Necr           0%         N/A       100%        8
 Necromutation            Tmut/Necr      0%         N/A       100%        8
 Death's Door             Necr           0%         N/A       100%        9
 Shatter                  Erth           0%         3d5*      100%        9
 Tornado                  Air            0%         N/A       100%        9
 Blink                    Tloc           Unusable   N/A       N/A         2
 Swiftness                Air            Unusable   N/A       N/A         3

Dungeon Overview and Level Annotations

Branches:
Dungeon (15/15)            Temple (0/1) D:5            Lair (6/6) D:10
 Shoals (4/4) Lair:2        Snake (4/4) Lair:4        Slime (0/5) Lair:6
    Orc (2/2) D:10            Elf (3/3) Orc:2        Vaults (4/5) D:13
  Crypt (0/3) Vaults:3     Depths (0/5) D:15          IceCv (visited)
Volcano (visited)         Desolation (visited)      Gauntlet (visited)

Altars:
Cheibriados
Dithmenos
Fedhas
Gozag
Hepliaklqana
Kikubaaqudgha
Okawaru
Ru
Sif Muna
Trog
Xom
Yredelemnul
Zin
Jiyva
Lugonu

Shops:
D:10 (   D:11 [[   Orc:2 (*!=[   Elf:1 (   Elf:3 :   Snake:1 [?=   Vaults:3 ?
Vaults:4 [

Portals:
Abyss: D:4

Annotations:
Lair:6 1 runed translucent door
Elf:2 1 runed translucent door
Vaults:1 1 runed translucent door, juzbaz's ghost, adept GrGl
Vaults:2 3 runed translucent doors, Paarhy's ghost, legendary MfBe
Vaults:4 corrupted
Abyss:1 Sonja


Innate Abilities, Weirdness & Mutations

You cannot be hasted, slowed, berserked, paralysed or teleported.
You can dig through walls and to a lower floor.
You have a pair of large antennae on your head. (SInv)
Your four strong arms can wield two-handed weapons with a shield.
You are agile. (Dex +2)
You possess an exceptional clarity of mind.
Your flesh is heat resistant. (rF+)


Message History

The thrashing horror stumbles backwards!
The thrashing horror is destroyed!
The thrashing horror tramples the large abomination!
The large abomination holds its ground!
The thrashing horror tramples the large abomination.
The large abomination stumbles backwards!
Something hits the thrashing horror!!
As you open the door, it creaks loudly!
You hear a shout!
A tengu reaver comes into view. It is wielding a +0 vorpal battleaxe.
There is an open door here.
As you close the door, it creaks loudly!
Something unseen opens the door.
The tengu reaver writhes in pain as voices assail its mind.
The tengu reaver writhes in pain as voices assail its mind.
You closely miss the tengu reaver.
The tengu reaver is moderately wounded.
The tengu reaver barely misses you. The tengu reaver pecks you.
The tengu reaver claws you but does no damage.
You hit the tengu reaver but do no damage.
The tengu reaver is moderately wounded.
The tengu reaver hits you with a +0 vorpal battleaxe!
You block the tengu reaver's attack. The tengu reaver completely misses you.
You closely miss the tengu reaver.
The tengu reaver is moderately wounded.
You closely miss the tengu reaver.
The tengu reaver is moderately wounded.
The tengu reaver closely misses you. x2
The tengu reaver claws you but does no damage.
You hit the tengu reaver but do no damage.
The tengu reaver is lightly wounded.
The tengu reaver points at you and mumbles some strange words.
The bolt of lightning hits you! You resist.
* * * LOW HITPOINT WARNING * * *
You barely miss the tengu reaver.
The tengu reaver is lightly wounded.
You hit the tengu reaver.
The tengu reaver is moderately wounded.
The tengu reaver casts a spell at you. The bolt of acid hits you!!!
You die...

################
#.......#......#
.#..#...#.##.#..##
.......#'.#..#...## ######'
..).t{{.X.{..# #..##....Q..
......§§#{#### #@QX#.......
.#...XX{#..{# ####.#.......
..#.3{X{##.{###..{.#.......
#...§..{###...#..#.Q.......
5.§..#{.# ##..#.##.#.......
xQ3{Z.[.# ##......########
3uX#[...# ########
.#xu†...# 3..3....#


You could see a tengu reaver and a neutral starcursed mass (summoned).

Vanquished Creatures
  Mara (Elf:3)
  Bai Suzhen (Vaults:2)
  A titan (Vaults:4)
  3 deep elf blademasters
  2 deep elf master archers (Elf:3)
  The ghost of Aduepsicimn the Severer, an adept FoFi of Ru (Shoals:1)
  A quicksilver dragon (Vaults:4)
  2 sphinxes
  Kirke (Elf:1)
  The ghost of fly the Warrior, an adept OpIE of Qazlal (Shoals:3)
  Ilsuiw (Shoals:2)
  Polyphemus (Shoals:3)
  A tengu reaver (Vaults:4)
  8 vault wardens
  Donald (Snake:2)
  A fire giant (D:15)
  A frost giant (Vaults:4)
  Louise (Elf:3)
  10 nagarajas
  3 imperial myrmidons (Desolation)
  2 deep elf sorcerers (Elf:3)
  5 orc warlords
  Aizul (Shoals:2)
  5 deep elf elementalists (Elf:3)
  A ghoul (Vaults:3)
  16 ironbound preservers
  A quicksilver ooze (Gauntlet)
  The ghost of endorz the Warrior, a journeyman MiBe of Trog (Lair:6)
  A stone giant (Vaults:3)
  9 very ugly things
  7 deep elf demonologists (Elf:3)
  Azrael (Snake:1)
  A red draconian (Volcano)
  An entropy weaver (Vaults:4)
  A halazid warlock (Desolation)
  7 deep elf annihilators
  4 dire elephants (Vaults:1)
  3 deep elf death magi (Elf:3)
  A minotaur (Gauntlet)
  An ettin (Vaults:4)
  An eleionoma (shapeshifter) (Vaults:4)
  5 merfolk javelineers
  2 green deaths (Snake:2)
  Josephine (Lair:5)
  A fire dragon (D:12)
  14 merfolk impalers
  9 yaktaur captains
  4 deep elf high priests
  The ghost of Froggeryz the Cleaver, a journeyman OgBe of Trog (Lair:1)
  3 ironbound thunderhulks
  3 peacekeepers (Desolation)
  10 ragged hierophants (Desolation)
  8 hydras
  Harold (Lair:1)
  A salamander tyrant (Snake:4)
  3 ironbound frosthearts
  3 boulder beetles
  4 servants of whispers (Desolation)
  6 vault guards
  17 naga warriors
  2 catoblepae
  2 great orbs of eyes
  15 two-headed ogres
  6 ogre magi
  Erica (Lair:1)
  7 centaur warriors
  2 merfolk avatars (Shoals:4)
  24 dancing weapons
  4 death yaks (Shoals:3)
  A death knight (D:12)
  5 merfolk aquamancers
  4 alligator snapping turtles
  A vampire mage (Vaults:3)
  16 anacondas
  3 orc high priests (Orc:2)
  3 ironbound beastmasters
  Urug (Lair:6)
  5 shock serpents
  11 naga sharpshooters
  10 deep elf knights
  4 salamander mystics
  30 sea snakes
  4 skeletal warriors (D:12)
  42 deep trolls
  2 glowing orange brains
  9 naga ritualists
  A kraken simulacrum (Shoals:4)
  4 deep elf archers (Elf:1)
  A necromancer (Vaults:1)
  13 orc knights
  A lindwurm (shapeshifter) (Vaults:4)
  A phantasmal warrior (Vaults:3)
  24 deep elf pyromancers
  14 ironbound convokers
  7 wizards
  20 harpies
  17 mana vipers
  30 deep elf zephyrmancers
  A faun (shapeshifter) (Elf:3)
  An oklob plant (Lair:6)
  6 orc sorcerers
  45 ugly things
  8 elephants
  11 fauns
  A salamander (shapeshifter) (Elf:1)
  15 salamanders
  12 manticores
  7 guardian serpents
  14 merfolk sirens
  2 ice statues (IceCv)
  38 black mambas
  Maurice (D:9)
  4 cyclopes
  3 torpor snails
  12 cane toads
  15 vault sentinels
  8 water nymphs
  19 naga magi
  6 molten gargoyles
  7 gargoyles
  An apocalypse crab (Gauntlet)
  Psyche (D:9)
  A smoke demon (Gauntlet)
  A yaktaur zombie (Vaults:1)
  5 rime drakes
  2 ice devils (IceCv)
  2 tengu conjurers
  27 yaktaurs
  A freezing wraith (Vaults:4)
  5 komodo dragons
  2 efreet
  A queen bee (Gauntlet)
  7 trolls
  Grinder (D:5)
  6 hornets
  2 jumping spiders (Vaults:4)
  46 merfolk
  8 polar bears
  Prince Ribbit (D:8)
  33 saltlings (Desolation)
  6 snapping turtles
  6 dream sheep
  9 wind drakes
  A blink frog (Lair:6)
  21 slime creatures
  A redback (Vaults:4)
  An ettin skeleton (Vaults:1)
  Sigmund (D:2)
  6 air elementals
  A yak (shapeshifter) (Elf:1)
  19 spriggans
  A tarantella (shapeshifter) (D:12)
  Eustachio (D:5)
  11 wraiths
  A centaur simulacrum (D:12)
  8 fire elementals
  3 fire bats (Lair:5)
  A vampire (D:12)
  4 wyverns
  A ynoxinul (Gauntlet)
  36 yaks
  2 basilisks
  16 water elementals
  2 hogs (Elf:1)
  2 steam dragons
  A death yak simulacrum (Lair:6)
  3 vampire mosquitoes (D:12)
  Menkaure (D:5)
  A human zombie (Vaults:1)
  46 nagas
  4 wargs (Orc:2)
  14 water moccasins
  2 hydra simulacra (Lair:6)
  A hell hound (Snake:1)
  An acid dragon (D:12)
  4 black bears
  30 orc warriors
  An elf simulacrum (Vaults:1)
  An ice beast (shapeshifter) (Elf:1)
  A necrophage (D:5)
  A black mamba simulacrum (Lair:6)
  39 wolves
  15 ogres
  8 boggarts
  12 centaurs
  A human skeleton (Vaults:1)
  A phantom (D:5)
  3 kobold brigands
  12 bullfrogs
  3 gnoll sergeants
  A wyvern zombie (D:6)
  2 earth elementals
  A scorpion (D:5)
  3 cane toad simulacra (Lair:6)
  2 water moccasin skeletons (D:6)
  7 killer bees
  7 howler monkeys
  2 electric eels (Snake:1)
  2 crimson imps (Gauntlet)
  3 hounds
  A centaur skeleton (D:4)
  4 centaur zombies
  14 orc priests
  2 bullfrog zombies
  2 iron imps (Gauntlet)
  A bullfrog skeleton (D:5)
  4 hell rats
  Natasha (thrice) (D:3)
  3 iguanas
  32 orc wizards
  2 killer bee zombies
  A howler monkey zombie (D:9)
  6 gnolls
  5 adders
  19 white imps
  7 ufetubi (IceCv)
  5 dart slugs
  87 orcs
  10 endoplasms
  4 giant cockroaches
  4 goblins
  7 hobgoblins
  16 jackals
  18 kobolds
  A quokka (D:5)
  7 ball pythons
  5 bats
  4 rats
  A plant (Shoals:4)
  A tentacle (Shoals:4)
1617 creatures vanquished.

Vanquished Creatures (others)
  Sojobo (Vaults:4)
  A reaper (IceCv)
  A halazid warlock (Desolation)
  A crystal guardian (Desolation)
  A ragged hierophant (Desolation)
  2 servants of whispers (Desolation)
  2 peacekeepers (Desolation)
  3 deep trolls (Vaults:4)
  A wizard (Vaults:4)
  An ugly thing (Vaults:4)
  A molten gargoyle (Desolation)
  7 saltlings (Desolation)
  A redback (Vaults:4)
  A hog (Elf:1)
  5 white imps (IceCv)
  4 ufetubi (IceCv)
  2 orcs (Orc:1)
  60 fungi
  3 lurking horrors (D:4)
  6 pillars of salt (Desolation)
  207 plants
  5 starspawn tentacles (Desolation)
  10 tentacles (Shoals:4)
  6 withered plants
332 creatures vanquished.

Grand Total: 1949 creatures vanquished

Notes
Turn   | Place    | Note
-------+----------+-------------------------------------------
     0 | Abyss:1  | Hector the Formicid Abyssal Knight began the quest for the
                  | Orb.
     0 | Abyss:1  | Reached XP level 1. HP: 18/18 MP: 2/2
    54 | Abyss:1  | Noticed a tentacled starspawn
    55 | D:1      | Escaped the Abyss
   275 | D:1      | Reached XP level 2. HP: 24/24 MP: 3/3
   421 | D:1      | Reached * piety under Lugonu
   544 | D:1      | Reached skill level 1 in Dodging
   560 | D:1      | You fall into a shaft and drop 1 floor!
   787 | D:2      | Reached XP level 3. HP: 26/29 MP: 4/4
  1201 | D:1      | Reached XP level 4. HP: 34/35 MP: 6/6
  1330 | D:1      | Found a faded altar of an unknown god.
  1620 | D:1      | Reached ** piety under Lugonu
  2189 | D:2      | Noticed Sigmund
  2412 | D:3      | Noticed Natasha
  2433 | D:3      | Killed Natasha
  2434 | D:3      | Reached skill level 1 in Shields
  2548 | D:3      | Noticed Natasha
  2864 | D:3      | Reached XP level 5. HP: 18/41 MP: 7/7
  3140 | D:3      | Found a blossoming altar of Fedhas.
  3404 | D:3      | Killed Natasha
  3556 | D:3      | Found a bloodstained altar of Trog.
  3729 | D:3      | Found a blossoming altar of Fedhas.
  3924 | D:3      | Noticed Natasha
  3933 | D:3      | Killed Natasha
  4136 | D:3      | Found a bloodstained altar of Trog.
  4479 | D:4      | Found a sacrificial altar of Ru.
  5005 | D:4      | Found a corrupted altar of Lugonu.
  5005 | D:4      | Found a one-way gate to the infinite horrors of the Abyss.
  5036 | D:4      | You fall into a shaft and drop 1 floor!
  5036 | D:5      | Entered Level 5 of the Dungeon
  5134 | D:5      | Noticed a black bear
  5226 | D:5      | Reached XP level 6. HP: 37/47 MP: 8/8
  5578 | D:5      | Killed a black bear
  5820 | D:5      | Noticed Eustachio
  5874 | D:5      | Killed Eustachio
  5875 | D:5      | Reached skill level 5 in Axes
  5875 | D:5      | Reached XP level 7. HP: 39/53 MP: 9/9
  6672 | D:4      | Found a hazy altar of Hepliaklqana.
  6823 | D:5      | Noticed Menkaure
  6987 | D:5      | Reached XP level 8. HP: 46/60 MP: 11/11
  7180 | D:5      | Found a staircase to the Ecumenical Temple.
  7645 | D:5      | Noticed Grinder
  7667 | D:5      | Killed Grinder
  7667 | D:5      | Reached *** piety under Lugonu
  7668 | D:5      | Reached skill level 5 in Shields
  7776 | D:5      | Killed Menkaure
  7959 | D:5      | Reached skill level 5 in Invocations
  7959 | D:5      | Reached XP level 9. HP: 65/65 MP: 12/12
  8042 | D:6      | Identified a scroll of acquirement
  8420 | D:6      | Found a snail-covered altar of Cheibriados.
  8989 | D:6      | Reached skill level 5 in Armour
  9288 | D:6      | Noticed a seven-headed hydra
  9337 | D:6      | Banished a five-headed hydra
  9338 | D:6      | Reached XP level 10. HP: 42/73 MP: 9/14
  9621 | D:6      | Found a basalt altar of Yredelemnul.
 10306 | D:6      | Reached skill level 5 in Fighting
 10512 | D:7      | Found an opulent altar of Gozag.
 10530 | D:7      | Found a shadowy altar of Dithmenos.
 10635 | D:7      | Found a glowing silver altar of Zin.
 11021 | D:8      | Found an ancient bone altar of Kikubaaqudgha.
 11306 | D:8      | Noticed a two-headed ogre
 11393 | D:8      | Killed a two-headed ogre
 11612 | D:8      | Reached **** piety under Lugonu
 12235 | D:9      | Noticed Prince Ribbit
 12235 | D:9      | Noticed Psyche
 12243 | D:8      | Killed Prince Ribbit
 12315 | D:9      | Killed Psyche
 12354 | D:9      | Reached skill level 10 in Axes
 12521 | D:9      | Reached XP level 11. HP: 53/81 MP: 16/16
 12724 | D:9      | Noticed a five-headed hydra
 12733 | D:9      | Killed a one-headed hydra
 12885 | D:9      | Noticed Maurice
 12927 | D:9      | Killed Maurice
 13631 | D:10     | Entered Level 10 of the Dungeon
 13631 | D:10     | Found Zevvoesu's Weapon Shop.
 13713 | D:9      | Acquired a +2 pair of boots of rampaging
 13725 | D:9      | Acquired a +3 vampiric battleaxe
 13745 | D:10     | Noticed a two-headed ogre
 13761 | D:10     | Killed a two-headed ogre
 13768 | D:10     | Found a staircase to the Lair.
 14364 | D:10     | Found a shimmering blue altar of Sif Muna.
 14377 | D:10     | Found an iron altar of Okawaru.
 14452 | D:10     | Found a staircase to the Orcish Mines.
 14839 | Lair:1   | Entered Level 1 of the Lair of Beasts
 14847 | Lair:1   | Noticed Erica
 14860 | Lair:1   | Killed Erica
 15148 | Lair:1   | Noticed Sonja
 15149 | Lair:1   | Banished Sonja
 15150 | Lair:1   | Reached XP level 12. HP: 71/89 MP: 13/18
 15223 | Lair:1   | Found a frozen archway.
 15286 | IceCv    | Entered an ice cave
 15412 | IceCv    | Killed a reaper
 16759 | IceCv    | Gained mutation: You possess an exceptional clarity of
                  | mind. [potion of mutation]
 16759 | IceCv    | Gained mutation: You are agile. (Dex +2) [potion of
                  | mutation]
 16759 | IceCv    | Gained mutation: Your flesh is heat resistant. (rF+)
                  | [potion of mutation]
 16774 | IceCv    | HP: 1/89 [ice devil (12)]
 17561 | IceCv    | Identified the +7 broad axe of the Shining Light {venom,
                  | Int-3 SInv Stlth+}
 17942 | Lair:1   | Noticed Harold
 17963 | Lair:1   | Killed Harold
 17964 | Lair:1   | Reached skill level 10 in Invocations
 18447 | Lair:1   | Found a runed translucent door.
 18447 | Lair:1   | Noticed Froggeryz's ghost (journeyman OgBe)
 18447 | Lair:1   | Identified the +7 spear "Murmur" {drain, Fly rCorr MP-9
                  | Dex+9}
 18447 | Lair:1   | Noticed a spriggan rider
 18737 | Lair:2   | Found a staircase to the Shoals.
 19236 | Lair:2   | Noticed a six-headed hydra
 19247 | Lair:2   | Killed a one-headed hydra
 20157 | Lair:3   | Reached XP level 13. HP: 95/96 MP: 20/20
 21740 | Lair:4   | Found a staircase to the Snake Pit.
 22511 | Lair:5   | Noticed a catoblepas
 22533 | Lair:5   | Killed a catoblepas
 22559 | Lair:5   | Found a dark tunnel.
 22593 | Volcano  | Entered a volcano
 22644 | Volcano  | Reached skill level 15 in Axes
 23397 | Volcano  | Noticed an orb of fire
 23647 | Volcano  | Noticed a red draconian
 23662 | Volcano  | Reached XP level 14. HP: 75/105 MP: 22/22
 23684 | Volcano  | Killed a red draconian
 23941 | Volcano  | Noticed an orb of fire
 24351 | Lair:5   | Noticed Josephine
 25013 | Lair:5   | Killed Josephine
 25266 | Lair:6   | Entered Level 6 of the Lair of Beasts
 25590 | Lair:6   | Noticed Urug
 25609 | Lair:6   | Killed Urug
 25884 | Lair:6   | Reached ***** piety under Lugonu
 26124 | Lair:6   | Noticed endorz's ghost (journeyman MiBe)
 26464 | Lair:6   | Found a runed translucent gate.
 26464 | Lair:6   | Found a runed translucent gate.
 26464 | Lair:6   | Found a runed translucent gate.
 26814 | Lair:6   | Reached XP level 15. HP: 115/115 MP: 24/24
 26901 | Lair:6   | Found a runed translucent door.
 26901 | Lair:6   | Found a viscous altar of Jiyva.
 26901 | Lair:6   | Found a staircase to the Slime Pits.
 27708 | Lair:1   | Killed Froggeryz's ghost
 27964 | D:2      | Killed Sigmund
 28425 | D:11     | Found Nusodea's Armour Shoppe.
 28444 | D:11     | Found Kaaqen's Antique Armour Boutique.
 28456 | D:11     | Acquired 831 gold pieces
 28459 | D:11     | Bought gold dragon scales for 1520 gold pieces
 28796 | D:11     | Reached skill level 10 in Fighting
 29550 | D:12     | Reached skill level 10 in Armour
 30467 | D:12     | Reached ****** piety under Lugonu
 30570 | D:12     | Identified the ring of Wenlia {rElec rCorr Int+5 Dex-5
                  | Stlth+}
 30645 | D:12     | Identified the ring of Mani {rPois rF- rCorr AC+4}
 30977 | D:12     | Identified the ring of Zoets {Contam rElec rPois Will+
                  | AC+4}
 30993 | D:12     | Identified the amulet of Xomoni {*Slow rPois Regen+ Dex+5}
 31247 | D:12     | Identified the +0 robe of Uffo {Contam Rampage rCorr
                  | Slay+6}
 31447 | Orc:1    | Entered Level 1 of the Orcish Mines
 32186 | Orc:2    | Entered Level 2 of the Orcish Mines
 32224 | Orc:2    | Reached XP level 16. HP: 124/124 MP: 25/25
 32483 | Orc:2    | Found a gate leading to a gauntlet.
 32577 | Gauntlet | Entered a Gauntlet
 32577 | Gauntlet | Found a transporter.
 32581 | Gauntlet | Found a transporter.
 32585 | Gauntlet | Found a transporter.
 32590 | Gauntlet | Found a transporter.
 32597 | Gauntlet | Found a transporter.
 32601 | Gauntlet | Found a transporter.
 32606 | Gauntlet | Found a transporter.
 32613 | Gauntlet | Found a transporter.
 32617 | Gauntlet | Found a transporter.
 32622 | Gauntlet | Found a transporter.
 32629 | Gauntlet | Found a transporter.
 32633 | Gauntlet | Found a transporter.
 32639 | Gauntlet | Found a transporter.
 32646 | Gauntlet | Found a transporter.
 32911 | Gauntlet | Identified the +0 ring mail of Ranydec {MP-9 Int+3 SInv}
 33311 | Orc:2    | Found a staircase to the Elven Halls.
 33500 | Orc:2    | Found Oshoatre's Antique Armour Shop.
 34313 | Orc:2    | Found Segimuk's Weapon Shoppe.
 34313 | Orc:2    | Found Sietaiw's Jewellery Boutique.
 34315 | Orc:2    | Found Dabruiri's General Store.
 34315 | Orc:2    | Found Rolobe's Distillery.
 34412 | Orc:2    | Bought a potion of curing for 42 gold pieces
 34412 | Orc:2    | Bought a potion of curing for 42 gold pieces
 34412 | Orc:2    | Bought a potion of cancellation for 112 gold pieces
 34412 | Orc:2    | Bought a potion of heal wounds for 70 gold pieces
 34676 | D:13     | Found a gate to the Vaults.
 35463 | D:14     | Found a corrupted altar of Lugonu.
 35884 | D:15     | Entered Level 15 of the Dungeon
 35946 | D:15     | Reached XP level 17. HP: 131/131 MP: 27/27
 36230 | D:15     | Found a staircase to the Depths.
 36296 | D:15     | Found an ancient bone altar of Kikubaaqudgha.
 36899 | Snake:1  | Entered Level 1 of the Snake Pit
 36927 | Snake:1  | Noticed Azrael
 36969 | Snake:1  | Killed Azrael
 37107 | Snake:1  | Found Fuefeev's Armour Shoppe.
 37109 | Snake:1  | Found Qecviu's Magic Scroll Emporium.
 37111 | Snake:1  | Found Totalaxt's Jewellery Shoppe.
 37480 | Snake:1  | Reached skill level 10 in Shields
 37911 | Snake:2  | Noticed Donald
 38071 | Snake:2  | Killed Donald
 38721 | Snake:2  | Found a runed translucent door.
 38877 | Snake:2  | Reached XP level 18. HP: 128/141 MP: 28/28
 39062 | Snake:2  | Identified the ring "Ocagiff" {rN+ Dex+2}
 41029 | Snake:4  | Entered Level 4 of the Snake Pit
 41899 | Snake:4  | Reached XP level 19. HP: 151/151 MP: 27/29
 42828 | Snake:4  | Reached skill level 15 in Shields
 42962 | Snake:4  | Got a serpentine rune of Zot
 43702 | Lair:6   | Killed endorz's ghost
 43992 | Elf:1    | Entered Level 1 of the Elven Halls
 43992 | Elf:1    | Noticed Kirke
 44029 | Elf:1    | Killed Kirke
 44150 | Elf:1    | Reached skill level 15 in Armour
 44209 | Elf:1    | Identified the Grimoire of Conjuration
 44359 | Elf:1    | Identified the +0 helmet of Wasted Space {Fly rN+++ Str-4}
 44483 | Elf:1    | Reached skill level 15 in Fighting
 44592 | Elf:1    | Found Mic Umn's Antique Weapon Emporium.
 45276 | Elf:2    | Reached XP level 20. HP: 163/163 MP: 30/30
 45418 | Elf:2    | Found a runed translucent door.
 45443 | Elf:2    | Found a runed translucent door.
 46312 | Elf:3    | Entered Level 3 of the Elven Halls
 46379 | Elf:3    | Noticed Mara
 46413 | Elf:3    | Killed Mara
 46466 | Elf:3    | Found Poiqadgh's Book Emporium.
 46916 | Elf:3    | Noticed Louise
 46950 | Elf:3    | Killed Louise
 47534 | Elf:3    | Noticed an Ice Fiend
 47535 | Elf:3    | Identified the ring "Uvalimuo" {Fly rCorr Str-3 Dex+6 SInv}
 47547 | Elf:3    | Noticed a Hell Sentinel
 47550 | Elf:3    | Noticed an Ice Fiend
 47611 | Elf:3    | Reached XP level 21. HP: 170/173 MP: 31/31
 47645 | Elf:3    | Identified the +2 hand axe "Asioqoiha" {vorpal, rC+ Will+
                  | rCorr}
 47781 | Elf:3    | Identified the +5 chain mail of Tender Moments {rF+ rC+
                  | Str+4}
 47911 | Elf:3    | Identified the +4 chain mail of a treasure trove {Rampage
                  | rPois Int+5 Dex-5}
 47928 | Elf:3    | Identified the +4 rapier "Guliu" {vorpal, rF+ Will+ Str-5
                  | Int+4}
 47929 | Elf:3    | Identified the ring "Eliti" {Ice rElec}
 48312 | Elf:3    | Identified the Incunabulum of Supportive Shape Shifting
 48573 | Shoals:1 | Entered Level 1 of the Shoals
 48573 | Shoals:1 | Found a runed translucent door.
 48573 | Shoals:1 | Found a shimmering altar of Xom.
 48573 | Shoals:1 | Noticed Aduepsicimn's ghost (adept FoFi)
 49657 | Shoals:2 | Noticed Ilsuiw
 49718 | Shoals:2 | Killed Ilsuiw
 49785 | Shoals:2 | Noticed Aizul
 49835 | Shoals:2 | Killed Aizul
 50561 | Shoals:3 | Found a runed translucent door.
 50583 | Shoals:3 | Noticed Polyphemus
 50813 | Shoals:3 | Killed Polyphemus
 51529 | Shoals:3 | Noticed fly's ghost (adept OpIE)
 51553 | Shoals:4 | Entered Level 4 of the Shoals
 52261 | Shoals:4 | Reached XP level 22. HP: 179/185 MP: 32/32
 52325 | Shoals:4 | Found the +6 lightning scales {swift rElec}
 52472 | Shoals:4 | Got a barnacled rune of Zot
 53438 | Shoals:1 | Killed Aduepsicimn's ghost
 53442 | Shoals:1 | Identified the +4 flail of Incongruity {vorpal, Fragile
                  | rElec rPois SInv}
 53573 | Shoals:3 | Killed fly's ghost
 53764 | Vaults:1 | Entered Level 1 of the Vaults
 53973 | Vaults:1 | Found a ruined gateway.
 53987 | Desolati | Entered the Desolation of Salt
 54146 | Desolati | Identified the Tome of Unstable Flight
 54151 | Desolati | Identified the Handbook of Poison and Companions
 54155 | Desolati | Identified the ring of Dauthom {+Blink rElec rC- rCorr
                  | AC+4}
 54175 | Desolati | Identified the ring of Igueras {*Slow rF++ rC+ Will++}
 54177 | Desolati | Identified the ring "Gotod" {rCorr Dex+2 SInv}
 54179 | Desolati | Identified the ring "Oronacve" {rElec rCorr Str+6 Dex+4}
 54228 | Desolati | Identified the +7 hunting sling "Xaeny" {freeze, Will+}
 54642 | Desolati | HP: 7/147 [halazid warlock/ghostly fireball (46)]
 54651 | Desolati | Corrupted Desolation
 54652 | Desolati | Identified the amulet "Plog" {Acrobat rPois rC- Int+2
                  | Stlth+}
 54967 | Desolati | Identified the ring of the Tormentor {EV+4 Str+5}
 55211 | Desolati | Identified the +2 ring mail of Amorality {Dex+4}
 55611 | Vaults:1 | Reached XP level 23. HP: 178/181 MP: 33/33
 56270 | Vaults:1 | Found a runed translucent door.
 56270 | Vaults:1 | Found a shimmering altar of Xom.
 56270 | Vaults:1 | Noticed juzbaz's ghost (adept GrGl)
 57119 | Vaults:2 | Noticed Bai Suzhen
 57147 | Vaults:2 | Killed Bai Suzhen
 57329 | Vaults:2 | Reached skill level 5 in Dodging
 57796 | Vaults:2 | Found a runed translucent gate.
 57796 | Vaults:2 | Found a runed translucent gate.
 57796 | Vaults:2 | Found an ancient bone altar of Kikubaaqudgha.
 57796 | Vaults:2 | Found a runed translucent gate.
 57796 | Vaults:2 | Noticed a dread lich
 57796 | Vaults:2 | Noticed Paarhy's ghost (legendary MfBe)
 57796 | Vaults:2 | Noticed an ancient lich
 58231 | Vaults:3 | Found a staircase to the Crypt.
 58776 | Vaults:3 | Found Woen Coy's Magic Scroll Shop.
 58818 | Vaults:3 | Reached XP level 24. HP: 205/205 MP: 33/33
 59383 | Vaults:4 | Found Jecull's Antique Armour Boutique.
 60356 | Vaults:4 | Noticed Sojobo
 60392 | Vaults:4 | Corrupted Vaults:4
 60399 | Vaults:4 | Killed Sojobo
 60429 | Vaults:4 | Killed from afar by a tengu reaver

Illustrated notes

Levels and vault maps discovered:
D:1:      tarquinn_simple_flora_water_b, layout_basic,
          hellmonk_ecumenical_altar_inner_sanctum, st_stairs_2, hex_medium,
          minivault_27, amethyst_killhole
D:2:      layout_rooms, serial_glass, glass_columns_a, glass_columns_a,
          uniq_sigmund
D:3:      minmay_spotlight, layout_basic, lemuel_crystal_altar,
          trog_three_pillars_becter, uniq_natasha
D:4:      layout_loops_ring, amcnicky_altar_gilded, overflow_temple_1_default,
          amcnicky_altar_lugonu_corruption
D:5:      layout_basic, minmay_temple_entry_tees, uniq_menkaure, uniq_eustachio,
          uniq_grinder
D:6:      layout_layer_cave, nicolae_overflow_hidden_temple,
          general_overflow_altar, minmay_manual_mail
D:7:      layout_cave_pools, pdpol_temple_overflow_zin_treasury_gozag_greed,
          kennysheep_little_box
D:8:      layout_basic, marbit_many_paths, kennysheep_decorative_pillar
D:9:      layout_roguey, kennysheep_generic_room_14, uniq_prince_ribbit1,
          uniq_maurice, uniq_psyche
D:10:     layout_cave_pods, grunt_temple_overflow_open,
          grunt_lair_entry_orc_guard_hut, orc_0_dummy, serial_shops, shop
D:11:     layout_long_grid, serial_shops, shop, shop
D:12:     minmay_the_grid_triangle_9x9_recursive_3_mashed
          [minmay_the_grid_triangle_9x9_stretched_checkered,
          minmay_the_grid_triangle_9x9_pentomino_pain,
          minmay_the_grid_triangle_9x9_corruption,
          minmay_the_grid_triangle_9x9_prize_special,
          minmay_the_grid_triangle_9x9_alien,
          minmay_the_grid_triangle_9x9_swiss_cheese,
          minmay_the_grid_triangle_9x9_empty,
          minmay_the_grid_triangle_9x9_flanged_cone,
          minmay_the_grid_triangle_9x9_zippers_vertical], layout_irregular_city,
          serial_rivers, chequers_serial_rivers_micro_a,
          chequers_serial_rivers_micro_b, chequers_serial_rivers_large_b,
          chequers_serial_rivers_micro_c, chequers_serial_rivers_marsh,
          onia_ninara_dug_in_and_dangerous
D:13:     layout_small_grid, erik_vaults_1
D:14:     layout_rooms, grunt_decor_cap, tgw_lugonu_bribe
D:15:     grunt_enter_depths_giant_problem, layout_basic,
          kiku_gazebo_garden_becter, minmay_large_rounded_square
Lair:1:   layout_roguey, ebering_ghost_funeral_grove,
          portal_ice_cave_entry_imps, uniq_erica, uniq_harold, uniq_sonja
Lair:2:   layout_loops_ring, minmay_shoals_entry_beasts
Lair:3:   layout_small_grid
Lair:4:   layout_small_grid, guppyfry_snake_entry_garden, beast_lair_carwin_2
Lair:5:   layout_regular_city, nicolae_volcano_entry_batcave, uniq_josephine
Lair:6:   minmay_lair_end_enchanted_forest, layout_hall_layers, slime_altar_2,
          gammafunk_ghost_icy, st_stairs_11, uniq_urug
Shoals:1: layout_shoals, ebering_ghost_xom
Shoals:2: layout_shoals, uniq_ilsuiw, uniq_aizul
Shoals:3: layout_shoals, ebering_ghost_reflecting_pool, uniq_polyphemus
Shoals:4: shoals_end_grunt_ice, layout_shoals, shoals_ilsuiw_ice
Snake:1:  layout_rooms, serial_bayou_ford_a, nicolae_snake_squiggles,
          nicolae_coiled_stairwell_down, minmay_shop_star, uniq_azrael
Snake:2:  cheibrodos_toxic_ritual, layout_grid_shapes, special_room, uniq_donald
Snake:3:  layout_chambers, drop_trap, minmay_snake_pond
Snake:4:  grunt_snake_rune_pools, layout_basic
Orc:1:    layout_caves
Orc:2:    grunt_orc_tribal_feast, layout_caves, gauntlet_entry_generic,
          serial_shops, shop, mines4_lemuel
Elf:1:    elf_arrival_002, layout_geoelf_octagon, serial_shops, shop,
          minmay_elf_annihilation, grunt_ministairs_8, grunt_megastairs_3,
          uniq_kirke
Elf:2:    layout_geoelf_octagon
Elf:3:    grunt_elf_hall_spiral, layout_onion_city, serial_shops, shop,
          uniq_mara, uniq_louise
Vaults:1: ebering_vaults_ghost_xom, v_misc_12, ontoclasm_vaults_spin, st_cells,
          nicolae_vaults_little_squares_2, v_misc_11, hangedman_vaults_nails,
          layout_vaults_omnigrid, portal_desolation_entry_garden
Vaults:2: gammafunk_vaults_ghost_crypt, v_misc_3, vaults_dpeg_hooks,
          ontoclasm_vaults_loading_screen, nicolae_vaults_little_squares_2,
          hangedman_vaults_impose, nicolae_vaults_little_squares_2,
          vaults_room_stairs_pillars, nicolae_vaults_ring_of_whatevers,
          layout_vaults_big_room, uniq_bai_suzhen
Vaults:3: minmay_crypt_entry_simple_walls, vaults_mumra_chevron_long,
          nicolae_vaults_diagonal_hallway_6, v_alt_pattern_2,
          nicolae_vaults_big_angled_halls, v_misc_29, vaults_room_pools,
          nicolae_vaults_asterisk, vaults_room_fours,
          ontoclasm_vaults_loading_screen, vaults_dpeg_diagonal,
          layout_vaults_omnicross, serial_shops,
          nicolae_shop_temple_entry_statues_fountains
Vaults:4: v_misc_24, nicolae_vaults_three_branches, dpeg_vaults_monster_row,
          v_misc_24, hangedman_vaults_slither, vaults_mumra_chevron,
          hangedman_vaults_capsules, v_misc_27,
          nicolae_vaults_diagonal_hallway_6, v_misc_10, st_star,
          vaults_dpeg_ring, layout_vaults_ring, serial_shops, shop, uniq_sojobo

Skill      XL: |  1  2  3  4  5  6  7  8  9 10 11 12 13 14 15 16 17 18 19 20 21 22 23 24 |
---------------+-------------------------------------------------------------------------+-----
Dodging        | 1 2 3 4 5 7 |  7.2
Axes           | 3 4 5 6 8 10 12 13 15 16 18 19 20 | 20.7
Shields        | 1 2 3 4 5 7 8 9 11 13 15 17 18 19 | 19.5
Invocations    | 3 4 5 6 7 8 10 11 12 13 14 | 14.0
Armour         | 3 4 5 6 7 8 9 10 11 12 14 15 17 18 19 20 | 20.1
Fighting       | 4 5 6 7 8 9 10 11 12 13 15 17 18 19 20 | 20.9

Action                   |  1- 3 |  4- 6 |  7- 9 | 10-12 | 13-15 | 16-18 | 19-21 | 22-24 || total
-------------------------+-------+-------+-------+-------+-------+-------+-------+-------++-------
Melee: Hand axe          |   100 |   222 |   286 |   396 |    37 |    12 |    29 |       ||  1082
       Unarmed           |       |       |     2 |     7 |       |       |       |       ||     9
       Battleaxe         |       |       |       |   351 |  1364 |  1869 |  1788 |  1710 ||  7082
Throw: Boomerang         |       |     1 |     7 |     3 |     5 |       |     8 |       ||    24
Invok: Depart the Abyss  |     1 |       |       |       |       |       |       |       ||     1
       Banish            |       |       |     1 |    15 |       |       |       |       ||    16
       Bend Space        |       |       |       |       |       |       |       |     3 ||     3
       Corrupt           |       |       |       |       |       |       |       |     2 ||     2
 Abil: Dig               |     3 |    11 |     6 |    25 |    31 |    43 |    37 |     7 ||   163
       Shaft Self        |     1 |       |       |       |       |       |       |       ||     1
  Use: Potion            |       |     1 |       |     6 |       |       |     1 |     4 ||    12
       Scroll            |       |       |     3 |    16 |    11 |     4 |     1 |       ||    35
 Stab: Invisible         |       |       |       |     1 |       |       |       |       ||     1
       Distracted        |       |       |       |       |       |     1 |     1 |       ||     2
       Petrified         |       |       |       |       |       |       |     3 |       ||     3
       Petrifying        |       |       |       |       |       |       |     1 |       ||     1
Armor: Leather armour    |    18 |       |    53 |     9 |       |       |       |       ||    80
       Ring mail         |    26 |    87 |       |       |       |       |       |       ||   113
       Chain mail        |       |       |    47 |   112 |   293 |       |       |       ||   452
       Plate armour      |       |       |       |    87 |       |       |       |       ||    87
       Gold dragon scale |       |       |       |       |   109 |   455 |   606 |   783 ||  1953
Dodge: Dodged            |    44 |    98 |    91 |   223 |   490 |   335 |   313 |   419 ||  2013
       Repelled          |       |       |       |       |       |       |       |     1 ||     1
Block: Kite shield       |    39 |    96 |   120 |   345 |   761 |   747 |   914 |  1147 ||  4169
       Reflection        |       |       |       |       |     4 |     2 |       |       ||     6

Table legend: (Time is in decaauts)
 A = Elapsed time spent in this place.
 B = Non-inter-level travel time spent in this place.
 C = Inter-level travel time spent in this place.
 D = Time resting spent in this place.
 E = Time spent auto-exploring this place.
 F = Levels seen in this place.
 G = Mean time per level.
                   A        B        C        D        E       F      G
               +--------+--------+--------+--------+--------+-----+--------+
         Total |  59029 |  52329 |   6700 |   8516 |  23399 |  43 | 1372.8 |
       Dungeon |  21328 |  18886 |   2442 |   3988 |   9526 |  15 | 1421.9 |
          Lair |  10028 |   7993 |   2035 |    642 |   4631 |   6 | 1671.3 |
        Shoals |   4606 |   4141 |    465 |     98 |   2123 |   4 | 1151.5 |
     Snake Pit |   5801 |   5244 |    557 |    235 |   2178 |   4 | 1450.2 |
  Orcish Mines |   2481 |   2202 |    279 |    349 |    627 |   2 | 1240.5 |
   Elven Halls |   4163 |   3714 |    449 |    180 |    994 |   3 | 1387.7 |
        Vaults |   4877 |   4406 |    471 |     15 |   2562 |   4 | 1219.2 |
         Abyss |     55 |     55 |      0 |      0 |     53 |   1 |   55.0 |
      Ice Cave |   2492 |   2492 |      0 |   1924 |     25 |   1 | 2492.0 |
       Volcano |   1454 |   1454 |      0 |    907 |     63 |   1 | 1454.0 |
    Desolation |   1183 |   1183 |      0 |    166 |    399 |   1 | 1183.0 |
      Gauntlet |    557 |    557 |      0 |     12 |    217 |   1 |  557.0 |
               +--------+--------+--------+--------+--------+-----+--------+

Top non-repeatable levels by time:
   IceCv: 2492 daAuts
  Lair:6: 2432 daAuts
     D:5: 2265 daAuts
  Lair:1: 2185 daAuts
     D:6: 2092 daAuts
    D:10: 1908 daAuts
     D:3: 1856 daAuts
 Snake:4: 1774 daAuts
   Elf:3: 1760 daAuts
    D:11: 1716 daAuts
 Snake:3: 1684 daAuts
   Orc:2: 1682 daAuts
Vaults:1: 1562 daAuts
     D:4: 1515 daAuts
     D:1: 1478 daAuts
